 Dungeon Crawl Stone Soup version 0.16.2-12-gd0ad4c3 (webtiles) character file.

653 faibistes the Magician (level 7, -1/36 HPs)
             Began as a Deep Elf Wizard on June 29, 2019.
             Was a Follower of Sif Muna.
             Slain by an ogre
             ... wielding a +0 giant club
              (16 damage)
             ... on level 4 of the Dungeon.
             The game lasted 00:10:23 (4549 turns).

faibistes the Magician (Deep Elf Wizard)            Turns: 4549, Time: 00:10:23

Health: -1/36      AC:  4    Str:  4    XL:     7   Next: 29%
Magic:  18/25      EV: 14    Int: 25    God:    Sif Muna [*.....]
Gold:   201        SH:  0    Dex: 13    Spells: 6 memorised, 8 levels left

rFire  . . .     SeeInvis .     w - +1 dagger (venom)
rCold  . . .     Clarity  .     a - +0 robe
rNeg   . . .     SustAb   .     (no shield)
rPois  .         Gourm    .     b - +0 hat
rElec  .         Spirit   .     y - +0 cloak
rCorr  .         Warding  .     (no gloves)
rMut   .         Stasis   .     q - +0 pair of boots
MR     +....                    (no amulet)
Stlth  ++........               (no ring)
                                o - ring of protection from magic

@: repel missiles, somewhat resistant to hostile enchantments, unstealthy
A: no striking features
a: Channel Energy, Renounce Religion


You were on level 4 of the Dungeon.
You worshipped Sif Muna.
Sif Muna was aware of your devotion.
You were hungry.

You visited 1 branch of the dungeon, and saw 5 of its levels.

You collected 201 gold pieces.

Inventory:

Hand weapons
 g - a +0 dagger
 w - a +1 dagger of venom (weapon)
Armour
 a - a +0 robe (worn)
 b - a +0 hat (worn)
 q - a +0 pair of boots (worn)
 y - a +0 cloak (worn)
Jewellery
 o - a ring of protection from magic (left hand)
Magical devices
 h - a wand of slowing (11)
 x - a wand of slowing (17)
Scrolls
 j - 2 scrolls of fear {unknown}
 p - 3 scrolls of enchant armour {unknown}
 r - a scroll of teleportation {unknown}
 s - a scroll of magic mapping {unknown}
 t - a scroll of random uselessness {unknown}
 B - a scroll of immolation {unknown}
Potions
 e - a potion of restore abilities
 i - a potion of heal wounds
 l - a potion of flight
 m - 3 potions of curing
 v - a potion of lignification {unknown}
 z - a potion of haste
 A - a potion of berserk rage {unknown}
Books
 c - a book of Minor Magic

   Spells                             Type                      Level
   a - Magic Dart                     Conjuration                  1
   b - Blink                          Translocation                2
   c - Call Imp                       Summoning                    2
   d - Repel Missiles                 Charms/Air                   2
   e - Slow                           Hexes                        2
   f - Conjure Flame                  Conjuration/Fire             3
   g - Mephitic Cloud                 Conjuration/Poison/Air       3
Comestibles
 d - 5 bread rations
 f - 2 slices of pizza
 k - 2 meat rations
 u - 5 fruits


   Skills:
 + Level 5.0 Dodging
 - Level 2.4 Stealth
 * Level 7.6 Spellcasting
 * Level 4.1 Conjurations
 - Level 1.1 Summonings
 - Level 3.5 Translocations
 * Level 0.7 Fire Magic
 * Level 0.4 Air Magic
 + Level 0.0 Poison Magic


You had 8 spell levels left.
You knew the following spells:

 Your Spells              Type           Power        Failure   Level  Hunger
a - Magic Dart            Conj           ####         1%          1    None
b - Conjure Flame         Conj/Fire      ###.....     10%         3    None
c - Call Imp              Summ           ###.....     8%          2    None
d - Blink                 Tloc           N/A          1%          2    None
e - Mephitic Cloud        Conj/Pois/Air  ###.....     12%         3    None
f - Repel Missiles        Chrm/Air       ##....       10%         2    None


Dungeon Overview and Level Annotations

Branches:
Dungeon (5/15)
 Temple: D:4-7

Altars:
Cheibriados
Sif Muna
The Shining One


Message History

Ouch! That really hurt!
Casting: Magic Dart
Confirm with . or Enter, or press ? or * to list all spells.
Aiming: Magic Dart
Press: ? - help, Shift-Dir - straight line, f/p - ogre
Aim: an ogre, wielding a giant club (severely wounded)
The magic dart hits the ogre.
The ogre is severely wounded.
The ogre misses you.
Casting: Magic Dart
Confirm with . or Enter, or press ? or * to list all spells.
Aiming: Magic Dart
Press: ? - help, Shift-Dir - straight line, f/p - ogre
Aim: an ogre, wielding a giant club (severely wounded)
The magic dart hits the ogre.
The ogre is almost dead.
Casting: Magic Dart
Confirm with . or Enter, or press ? or * to list all spells.
You blink.
The ogre hits you with a giant club!
You die...

(..## ##...## #..# ...#
###..### ##..#
...####....# ##...#
..........## ######....#
## .........##
###.........###.
.........##
##..........###.#
..........##
##.....########..#
...........#####....###
##.##
.....####.......@O§##
#..# ...)##
####........#########..#
....#
####................#
....##
##..............##
..)..# #.............##
)....## #...###########
###.[.## #..## # ###.[##
#..# ##..## #..#


You could see an ogre.

Vanquished Creatures
  The ghost of faibistes the Magician, an average DEWz (D:4)
  An ice beast (D:4)
  A giant frog (D:3)
  3 orc wizards
  4 orc priests
  A hound skeleton (D:4)
  An adder (D:3)
  A shadow imp (D:3)
  A worm (D:3)
  4 giant geckos
  An ooze (D:1)
  12 orcs
  11 bats
  A bat zombie (D:4)
  7 giant cockroaches
  9 goblins
  9 hobgoblins
  A quokka (D:3)
  7 giant newts
  3 jackals (D:2)
  12 kobolds
  18 rats
109 creatures vanquished.

Notes
Turn   | Place    | Note
--------------------------------------------------------------
     0 | D:1      | faibistes, the Deep Elf Wizard, began the quest for the Orb.
     0 | D:1      | Reached XP level 1. HP: 10/10 MP: 6/6
   332 | D:2      | Reached XP level 2. HP: 15/15 MP: 7/10
   577 | D:2      | Learned a level 2 spell: Blink
   580 | D:2      | Learned a level 2 spell: Call Imp
   818 | D:1      | Reached skill level 5 in Spellcasting
  1091 | D:1      | Reached XP level 3. HP: 19/19 MP: 11/14
  1096 | D:1      | Learned a level 3 spell: Conjure Flame
  1136 | D:1      | Learned a level 3 spell: Mephitic Cloud
  1726 | D:2      | Found a glowing golden altar of the Shining One.
  2009 | D:2      | Found a deep blue altar of Sif Muna.
  2015 | D:2      | Became a worshipper of Sif Muna the Loreminder
  2181 | D:3      | Reached XP level 4. HP: 24/24 MP: 9/17
  2497 | D:2      | Learned a level 2 spell: Repel Missiles
  2632 | D:3      | Reached XP level 5. HP: 28/28 MP: 10/20
  2855 | D:3      | Noticed a giant frog
  2863 | D:3      | Killed a giant frog
  2863 | D:3      | Reached skill level 6 in Spellcasting
  3223 | D:3      | Found a snail-covered altar of Cheibriados.
  3410 | D:3      | Reached XP level 6. HP: 26/32 MP: 14/22
  3541 | D:4      | Acquired Sif Muna's first power
  3551 | D:4      | Noticed faibistes' ghost (average DEWz)
  3623 | D:4      | Killed faibistes' ghost
  3623 | D:4      | Reached skill level 7 in Spellcasting
  3740 | D:5      | Entered Level 5 of the Dungeon
  3742 | D:5      | Reached XP level 7. HP: 36/36 MP: 22/25
  3911 | D:4      | Noticed an ice beast
  3949 | D:4      | Killed an ice beast
  3951 | D:4      | Reached skill level 5 in Dodging
  4549 | D:4      | Slain by an ogre

Action                   |  1- 3 |  4- 6 |  7- 9 || total
-------------------------+-------+-------+-------++-------
Melee: Unarmed           |     1 |       |       ||     1
       Dagger            |     1 |    10 |     3 ||    14
 Cast: Magic Dart        |   110 |   109 |    44 ||   263
       Mephitic Cloud    |       |     9 |       ||     9
       Repel Missiles    |       |     1 |       ||     1
       Conjure Flame     |       |       |     3 ||     3
       Blink             |       |       |     1 ||     1
Evoke: Wand              |       |     2 |     1 ||     3
  Use: Scroll            |       |     5 |     1 ||     6
 Stab: Confused          |       |     1 |       ||     1
  Eat: Chunk             |     4 |     4 |     2 ||    10
